 Dungeon Crawl Stone Soup version 0.23.2-1-ga50397a6bc (webtiles) character file.

Game seed: 8987582814514750412

83 BakaRin0v0 the Skirmisher (level 4, -3/40 HPs)
             Began as a Draconian Fighter on Apr 15, 2019.
             Killed from afar by Ijyb (5 damage)
             ... with a wand of flame (15)
             ... on level 3 of the Dungeon.
             The game lasted 00:17:02 (2082 turns).

BakaRin0v0 the Skirmisher (Draconian Fighter)       Turns: 2082, Time: 00:17:03

Health: -3/40      AC:  5    Str: 20    XL:     4   Next: 22%
Magic:  4/4        EV: 10    Int:  8    God:
Gold:   87         SH:  9    Dex: 10    Spells: 3/3 levels left

rFire    . . .     SeeInvis .   a - +1 long sword
rCold    . . .     Gourm    .   b - +0 shield
rNeg     . . .     Faith    .   (armour unavailable)
rPois    .         Spirit   .   (helmet restricted)
rElec    .         Reflect  .   (no cloak)
rCorr    .         Harm     .   (no gloves)
MR       .....                  (no boots)
Stlth    +.........             r - amulet of inaccuracy (curse)
HPRegen  0.13/turn              (no ring)
MPRegen  0.09/turn              (no ring)

@: no status effects
A: unfitting armour, cold-blooded, AC +5
a: no special abilities


You were on level 3 of the Dungeon.
You were not hungry.

You visited 1 branch of the dungeon, and saw 3 of its levels.

You collected 87 gold pieces.

Inventory:

Hand Weapons
 a - a +1 long sword (weapon)
 e - a +0 club
 g - a +0 dagger
 n - a +0 dagger
 o - a +0 dagger
 q - a +2 short sword of electrocution
 t - a +0 mace
Missiles
 h - 21 arrows
 i - 16 sling bullets
 l - 30 bolts
 m - 49 stones (quivered)
Armour
 b - a +0 shield (worn)
 f - a +0 leather armour
Jewellery
 r - a cursed amulet of inaccuracy (around neck)
Scrolls
 k - a scroll of enchant weapon
Potions
 c - a potion of might
 j - 2 potions of haste
 p - a potion of flight
Comestibles
 d - a ration


   Skills:
 + Level 4.0 Fighting
 + Level 3.1 Long Blades
 + Level 3.0 Dodging
 + Level 3.6 Shields


You had 3 spell levels left.
You didn't know any spells.
Your spell library was empty.

Dungeon Overview and Level Annotations

Branches:
Dungeon (3/15)

Altars:
Dithmenos

Annotations:
D:3 Ijyb


Innate Abilities, Weirdness & Mutations

Your plain brown scales are hard. (AC +5)
You cannot fit into any form of body armour.
You are cold-blooded and may be slowed by cold attacks.


Message History

Ijyb zaps a wand.
The puff of flame hits you!
* * * LOW HITPOINT WARNING * * *
You closely miss Ijyb.
Ijyb is severely wounded.
You block Ijyb's attack. Ijyb hits you with a +5 club.
* * * LOW HITPOINT WARNING * * *
You hit Ijyb but do no damage.
Ijyb is severely wounded.
Ijyb hits you with a +5 club.
* * * LOW HITPOINT WARNING * * *
You barely miss Ijyb.
Your tail-slap misses Ijyb.
Ijyb is severely wounded.
You block Ijyb's attack.
You barely miss Ijyb.
Ijyb is severely wounded.
Ijyb barely misses you.
You miss Ijyb.
Ijyb is severely wounded.
Ijyb zaps a wand.
The puff of flame hits you.
You die...

#.#.# #
.#####.#.#.#
.........#.#
.......>..
........#
.#.#####..g####.###
..............[....
....######.####....
. #@g..(...# #
###.#..#.#
#[†.#..#...
###.#..# ... ≈....#
###≈≈ ≈≈≈≈.. ≈
≈≈≈≈≈≈≈≈ ≈≈≈≈≈≈≈≈
#≈≈≈≈≈≈


You could see Ijyb.

Vanquished Creatures
  2 adders (D:2)
  2 oozes
  2 dart slugs (D:1)
  2 worms (D:2)
  2 leopard geckos (D:2)
  3 bats
  3 giant cockroaches
  7 hobgoblins
  3 jackals (D:1)
  4 frilled lizards
  6 goblins
  5 kobolds
  2 rats
43 creatures vanquished.

Notes
Turn   | Place    | Note
-------+----------+-------------------------------------------
     0 | D:1      | BakaRin0v0 the Draconian Fighter began the quest for the
                  | Orb.
     0 | D:1      | Reached XP level 1. HP: 19/19 MP: 1/1
   207 | D:1      | Reached XP level 2. HP: 21/26 MP: 2/2
   402 | D:1      | Reached XP level 3. HP: 28/33 MP: 3/3
   747 | D:2      | Reached skill level 4 in Fighting
   905 | D:2      | Found a shadowy altar of Dithmenos.
  1498 | D:2      | Reached XP level 4. HP: 31/40 MP: 4/4
  1764 | D:3      | Noticed Ijyb
  2079 | D:3      | HP: 2/40 [Ijyb/+5 club (1)]
  2082 | D:3      | Killed from afar by Ijyb

Skill      XL: |  1  2  3 |
---------------+----------+-----
Fighting       | 4 |  4.0
Dodging        | 3 |  3.0
Long Blades    | 3 |  3.1
Shields        | |  3.6

Action                   |  1- 3 |  4- 6 || total
-------------------------+-------+-------++-------
Melee: Long sword        |    99 |    70 ||   169
       Tailslap          |    12 |     4 ||    16
  Use: Scroll            |     4 |       ||     4
       Potion            |     2 |       ||     2
  Eat: Ration            |     1 |     1 ||     2
Armor: Skin              |    20 |    13 ||    33
Dodge: Dodged            |    41 |    27 ||    68
Block: Shield            |    40 |    33 ||    73
       Rpst.: Long sword |    13 |     4 ||    17
